 Dungeon Crawl Stone Soup version 0.28.0-53-g5a82cb258f (webtiles) character file.

Game seed: 12334472540145593827

3019 Peloso the Protected (level 9, 0/78 HPs)
             Began as a Minotaur Fighter on May 28, 2022.
             Was a Follower of Okawaru.
             Killed by divine providence
             ... invoked by an orc priest
              (14 damage)
             ... on level 8 of the Dungeon.
             The game lasted 00:09:24 (6544 turns).

Peloso the Protected (Minotaur Fighter)             Turns: 6544, Time: 00:09:25

Health: 0/78       AC: 13    Str: 23    XL:     9   Next: 55%
Magic:  17/17      EV:  9    Int:  5    God:    Okawaru [*.....]
Gold:   360        SH:  5    Dex: 12    Spells: 8/8 levels left

rFire   x . .      SeeInvis .   b - +9 hand axe of the Little People {spect, rF- rC+++ Will++ MP+9}
rCold   + + +      Faith    .   o - +0 buckler
rNeg    . . .      Spirit   .   E - +1 chain mail {rPois}
rPois   +          Reflect  .   D - +1 hat
rElec   .          Harm     .   (no cloak)
rCorr   .          Rampage  .   (no gloves)
Will    ++...                   (no boots)
Stlth   ..........              (no amulet)
HPRegen 0.23/turn               (no ring)
MPRegen 0.15/turn               (no ring)

@: no status effects
A: horns 2, retaliatory headbutt
a: Renounce Religion, Heroism


You were on level 8 of the Dungeon.
You worshipped Okawaru.
Okawaru was aware of your devotion.
You visited 2 branches of the dungeon, and saw 9 of its levels.

You collected 373 gold pieces.
You spent 13 gold pieces at shops.

Inventory:

Hand Weapons
 a - a +0 long sword
 b - the +9 hand axe of the Little People (weapon) {spect, rF- rC+++ Will++ MP+9}
   (You found it on level 4 of the Dungeon)

   When its wielder attacks, the weapon's spirit leaps out and strikes again.
   The spirit shares a part of any damage it takes with its wielder.
   rF:        It makes you vulnerable to fire.
   rC:        It renders you almost immune to cold.
   MP:        It affects your magic capacity (+9).
   Will:      It greatly increases your willpower.
 c - a +0 war axe of flaming
Armour
 e - the +0 pair of boots of Ru's Fury {rC+++ rCorr Dex-3}
   (You found it on level 3 of the Dungeon)

   Dex:       It affects your dexterity (-3).
   rC:        It renders you almost immune to cold.
   rCorr:     It protects you from acid and corrosion.
 o - a +0 buckler (worn)
 D - a +1 hat (worn)
 E - a +1 chain mail of poison resistance (worn)
Jewellery
 f - an amulet of guardian spirit
 h - a ring of flight
 s - a +4 ring of evasion
 y - a +4 ring of evasion
 z - a +4 ring of evasion
Wands
 k - a wand of polymorph (8)
 l - a wand of iceblast (29)
 B - a wand of flame (27)
Scrolls
 j - 4 scrolls of noise
 n - 5 scrolls of teleportation
 r - 3 scrolls of enchant weapon {unknown}
 u - a scroll of fear {unknown}
 v - 2 scrolls of immolation {unknown}
 w - a scroll of fog {unknown}
 x - a scroll of magic mapping
 A - a scroll of amnesia
Potions
 d - 4 potions of might
 g - 4 potions of curing
 i - a potion of cancellation
 q - a potion of resistance
 t - a potion of degeneration
 C - 2 potions of magic
 F - a potion of heal wounds {unknown}


   Skills:
 + Level 6.9 Fighting
 + Level 5.7 Long Blades
 + Level 7.9 Axes
 + Level 9.6 Armour
 + Level 3.2 Dodging
 + Level 1.7 Stealth
 + Level 6.4 Shields


You had 8 spell levels left.
You didn't know any spells.
Your spell library contained the following spells:

 Spells                   Type           Power      Damage    Failure   Level
 Corpse Rot               Necr/Air       0%         N/A       99%         2
 Poisonous Vapours        Pois/Air       0%         N/A       99%         2
 Gell's Gravitas          Tloc           0%         N/A       100%        3
 Teleport Other           Tloc           0%         N/A       100%        3
 Dispersal                Tloc           0%         N/A       100%        6


Dungeon Overview and Level Annotations

Branches:
Dungeon (8/15)             Temple (1/1) D:6
   Lair: D:8-11

Altars:
Ashenzari
Cheibriados
Dithmenos
Elyvilon
Fedhas
Hepliaklqana
Kikubaaqudgha
Makhleb
Nemelex Xobeh
Okawaru
Ru
Trog
Uskayaw
Vehumet
Wu Jian
Xom
Yredelemnul
The Shining One

Shops:
D:1 (   D:4 *


Innate Abilities, Weirdness & Mutations

You have a pair of horns on your head.
You reflexively headbutt those who attack you in melee.


Message History

The centaur hits you but does no damage.
You block the centaur's attack.
Unknown command.
You hit the centaur. You headbutt the centaur.
The centaur is moderately wounded.
You hit the orc priest.
Your +9 hand axe of the Little People {spect, rF- rC+++ Will++ MP+9} hits the orc priest!
Your +9 hand axe of the Little People {spect, rF- rC+++ Will++ MP+9} hits the orc!
You kill the orc!
Okawaru accepts your kill.
The orc warrior hits you from afar with a +0 glaive!!
The orc priest casts a cantrip, but nothing happens.
The centaur hits you but does no damage.
You block the centaur's attack.
You slash the centaur! You headbutt the centaur.
The centaur is severely wounded.
You barely miss the orc priest.
Your +9 hand axe of the Little People {spect, rF- rC+++ Will++ MP+9} hits the orc priest.
The centaur barely misses you. x2
The orc warrior hits you from afar with a +0 glaive!
The orc priest hits your +9 hand axe of the Little People {spect, rF- rC+++ Will++ MP+9} with a +0 falchion.
Your spectral weapon shares its damage with you!
The orc priest mumbles some strange prayers to Beogh against you.
Beogh smites you!
You hit the centaur.
The centaur is almost dead.
You hit the orc priest.
You kill the orc priest!
Okawaru accepts your kill.
Your +9 hand axe of the Little People {spect, rF- rC+++ Will++ MP+9} hits the centaur!
You kill the centaur!
Okawaru accepts your kill.
The orc warrior hits you from afar with a +0 glaive!
* * * LOW HITPOINT WARNING * * *
The orc priest looks satisfied for a moment.
There is an open door here.
You block the orc warrior's attack.
The orc priest mumbles some strange prayers to Beogh against you.
Beogh smites you!
You die...

########## #........# #.######.#
#.# #.# #.# #.# #.# #.#
########### #.#
#.#############.........#
#.######.#......@..o.o.)........
#......#.#.###########.........#
######.#.#.# #...).....#
#.#.#.######## #...).....#
#.#.#>....................+
#.#.#.#########...........#
#.#.#.#### #...#########
#.#.#....# #...# #......#.###
#...


You could see an orc warrior and an orc priest.

Vanquished Creatures
  Sigmund (D:3)
  A steam dragon (D:7)
  2 water moccasins
  4 orc warriors
  2 black bears
  2 sky beasts (D:6)
  2 necrophages (D:6)
  An ogre (D:4)
  3 centaurs
  2 phantoms
  2 kobold brigands
  A bullfrog (D:5)
  A scorpion (D:5)
  5 killer bees (D:7)
  A jelly (D:4)
  3 orc priests
  A centaur skeleton (D:6)
  Jessica (D:3)
  5 orc wizards
  2 iguanas
  2 hound skeletons
  Robin (D:3)
  11 adders
  2 howler monkey skeletons
  A shadow imp (D:6)
  2 white imps (D:6)
  2 adder skeletons
  9 worms
  2 dart slugs
  23 orcs
  10 ball pythons
  4 endoplasms
  2 giant cockroaches (D:1)
  5 hobgoblins
  2 quokkas (D:1)
  4 bats
  6 frilled lizards
  12 goblins
  15 kobolds
  4 rats
161 creatures vanquished.

Notes
Turn   | Place    | Note
-------+----------+-------------------------------------------
     0 | D:1      | Peloso the Minotaur Fighter began the quest for the Orb.
     0 | D:1      | Reached XP level 1. HP: 19/19 MP: 0/0
   215 | D:1      | Found Daptukuno's Antique Weapon Shoppe.
   280 | D:1      | Reached XP level 2. HP: 27/27 MP: 1/1
   324 | D:1      | Reached skill level 4 in Armour
   727 | D:1      | Reached XP level 3. HP: 29/33 MP: 2/2
  1961 | D:2      | Reached skill level 1 in Dodging
  1961 | D:2      | Reached XP level 4. HP: 37/40 MP: 3/3
  2738 | D:3      | Noticed Jessica
  2740 | D:3      | Killed Jessica
  2821 | D:3      | Reached XP level 5. HP: 44/47 MP: 4/4
  2830 | D:3      | Identified the +0 pair of boots of Ru's Fury {rC+++ rCorr
                  | Dex-3}
  2999 | D:3      | Found a faded altar of an unknown god.
  3003 | D:3      | Found a sparkling altar of Nemelex Xobeh.
  3003 | D:3      | Noticed Sigmund
  3046 | D:3      | Noticed Robin
  3063 | D:3      | Killed Robin
  3370 | D:4      | Identified the +9 hand axe of the Little People {spect, rF-
                  | rC+++ Will++ MP+9}
  3605 | D:3      | Killed Sigmund
  3606 | D:3      | Reached skill level 5 in Armour
  3606 | D:3      | Reached XP level 6. HP: 46/55 MP: 5/5
  3686 | D:4      | Reached skill level 5 in Fighting
  3686 | D:4      | Reached skill level 5 in Long Blades
  3688 | D:4      | Reached skill level 1 in Axes
  3759 | D:4      | Found Diubbuirej's General Store.
  3768 | D:4      | Bought a potion of degeneration for 13 gold pieces
  4074 | D:5      | Entered Level 5 of the Dungeon
  4131 | D:5      | Reached XP level 7. HP: 61/61 MP: 6/6
  4214 | D:5      | Reached skill level 6 in Armour
  4322 | D:5      | Reached skill level 1 in Stealth
  4322 | D:5      | Reached skill level 5 in Shields
  4520 | D:5      | Reached XP level 8. HP: 62/69 MP: 7/7
  4817 | D:6      | Reached skill level 7 in Armour
  4823 | D:6      | Reached skill level 5 in Axes
  5106 | D:6      | Reached skill level 8 in Armour
  5122 | D:6      | Reached XP level 9. HP: 34/78 MP: 8/8
  5330 | D:6      | Found a staircase to the Ecumenical Temple.
  5332 | D:6      | Found a basalt altar of Yredelemnul.
  5339 | Temple   | Entered the Ecumenical Temple
  5423 | Temple   | Became a worshipper of Warmaster Okawaru
  5980 | D:7      | Reached skill level 9 in Armour
  6239 | D:7      | Reached * piety under Okawaru
  6250 | D:7      | Found a white marble altar of Elyvilon.
  6544 | D:8      | Killed from afar by an orc priest

Illustrated notes

Levels and vault maps discovered:
D:1:      nagdon_arrival_double_spiral, layout_basic, serial_shops,
          nicolae_lakefront_shop
D:2:      cheibrodos_helix_gallery, layout_basic, minmay_misc_feat_diagonals,
          grunt_decor_resistance, nicolae_concentric_dashed_squares_mild
D:3:      layout_basic, nicolae_overflow_ecumenical_swirl, uniq_sigmund,
          uniq_robin, uniq_jessica
D:4:      layout_rooms, serial_shops, shop, nicolae_wormholes
D:5:      layout_basic
D:6:      nicolae_BIG_FREAKIN_CUBE, layout_rooms, yredelemnul_altar_generic,
          minmay_temple_entry_grid
D:7:      layout_gridville, mainiacjoe_overflow_alcove_1, solitary_fountain
D:8:      layout_basic, nicolae_shop_sticking_my_neck_out
Temple:   mainiacjoe_temple_bowtie_tessellation

Skill      XL: |  1  2  3  4  5  6  7  8  9 |
---------------+----------------------------+-----
Armour         | 4 5 6 8 9 |  9.6
Shields        | 4 5 6 |  6.4
Fighting       | 4 5 6 |  6.9
Long Blades    | 3 4 5 |  5.7
Dodging        | 1 2 3 |  3.2
Axes           | 1 3 6 7 |  7.9
Stealth        | 1 |  1.7

Action                   |  1- 3 |  4- 6 |  7- 9 || total
-------------------------+-------+-------+-------++-------
Melee: Long sword        |    86 |    65 |       ||   151
       Headbutt          |     9 |    16 |    17 ||    42
       Hand axe          |       |    31 |   113 ||   144
  Use: Scroll            |     2 |     3 |     5 ||    10
       Potion            |     1 |       |       ||     1
 Stab: Distracted        |       |       |     2 ||     2
Armor: Scale mail        |    55 |    49 |     6 ||   110
       Chain mail        |       |       |    42 ||    42
Dodge: Dodged            |    44 |    43 |    46 ||   133
Block: Buckler           |    24 |    22 |    31 ||    77
